 Dungeon Crawl Stone Soup version 0.22-a0-240-g539252a (webtiles) character file.

496006 Amnesiac the Evocator (level 23, 0/134 HPs)
             Began as a Spriggan Artificer on Feb 21, 2018.
             Was an Initiate of Gozag.
             Killed from afar by an iron giant (36 damage)
             ... with an iron shot
             ... on level 7 of the Iron City of Dis.
             The game lasted 03:37:12 (83515 turns).

Amnesiac the Evocator (Spriggan Artificer)         Turns: 83515, Time: 03:37:13

Health: 0/134      AC: 32    Str: 15    XL:     23   Next: 96%
Magic:  0/51       EV: 16    Int: 18    God:    Gozag
Gold:   2313       SH: 12    Dex: 22    Spells: 20/50 levels left

rFire    + + .     SeeInvis +   a - +9 demon blade (slice)
rCold    + + .     Gourm    .   s - +3 buckler of Qazlal's Scorn {rPois rC+}
rNeg     + . .     Faith    .   t - +9 scales of the Dragon King {rPois rF+ rC+ MR+}
rPois    +         Spirit   +   J - +2 hat of Yredelemnul {rC+ Int+4 Dex+2}
rElec    .         Reflect  .   B - +1 cloak
rCorr    .         Harm     .   (gloves unavailable)
MR       +++++                  (boots unavailable)
Stlth    ..........             V - amulet of guardian spirit
HPRegen  0.32/turn              z - ring "Eczis" {Fire rPois rN+ MR++}
MPRegen  0.32/turn              Z - ring of magical power

@: gold aura, studying Dodging, drained, very quick
A: very small, unfitting armour, claws 1, see invisible, agile 1, herbivore,
speed 3, poison resistance, robust 1, slow metabolism 2
}: 2/15 runes: slimy, iron
a: Potion Petition, Call Merchant, Bribe Branch, Renounce Religion


You were on level 7 of the Iron City of Dis.
You worshipped Gozag.
Gozag was most pleased with you.
You were full.

You visited 10 branches of the dungeon, and saw 46 of its levels.
You also visited: Labyrinth, Sewer, Bailey and Ice Cave.

You collected 22852 gold pieces.
You spent 10457 gold pieces at shops.
You paid 10082 gold pieces to Gozag.

Inventory:

Hand Weapons
 a - a +9 demon blade of slicing (weapon)
 b - the +11 hunting sling of Jiotusutaw {flame, rC+}
   (You bought it in a shop on level 1 of the Orcish Mines)

   It causes projectiles fired from it to burn those they strike, causing extra
   injury to most foes and up to half again as much damage against particularly
   susceptible opponents.
   It protects you from cold.
 C - a +4 quick blade
Missiles
 g - 383 stones (quivered)
 q - 3 throwing nets
 W - 19 sling bullets
Armour
 s - the +3 buckler of Qazlal's Scorn (worn) {rPois rC+}
   (You bought it in a shop on level 3 of the Depths)

   It protects you from cold.
   It protects you from poison.
 t - the +9 scales of the Dragon King (worn) {rPois rF+ rC+ MR+}
   (You bought it in a shop on level 15 of the Dungeon)

   It protects you from fire.
   It protects you from cold.
   It protects you from poison.
   It affects your resistance to hostile enchantments.
 B - a +1 cloak (worn)
 J - the +2 hat of Yredelemnul (worn) {rC+ Int+4 Dex+2}
   (You bought it in a shop on level 3 of the Depths)

   It affects your intelligence (+4).
   It affects your dexterity (+2).
   It protects you from cold.
Magical Staves
 r - an uncursed staff of earth
Jewellery
 z - the ring "Eczis" (left claw) {Fire rPois rN+ MR++}
   (You took it off a deep elf death mage on level 3 of the Elven Halls)

   [ring of fire]

   It enhances your fire magic.
   It protects you from fire.
   It makes you vulnerable to cold.
   It protects you from poison.
   It protects you from negative energy.
   It affects your resistance to hostile enchantments.
 Q - an uncursed ring of flight
 V - an amulet of guardian spirit (around neck)
 Y - an uncursed ring of wizardry
 Z - a ring of magical power (right claw)
Wands
 k - a wand of flame (62)
 m - a wand of random effects (113)
 o - a wand of disintegration (24)
 v - a wand of polymorph (66)
 L - a wand of digging (25)
 M - a wand of paralysis (3)
 S - a wand of clouds (4)
Scrolls
 c - 12 scrolls of identify {!r}
 e - 11 scrolls of enchant armour {!r}
 h - 21 scrolls of teleportation {!r}
 j - 6 scrolls of blinking {!r}
 u - a scroll of enchant weapon {!r}
 w - 3 scrolls of fog {!r}
 y - 2 scrolls of magic mapping {!r}
 K - 7 scrolls of remove curse {!r}
 N - 2 scrolls of vulnerability {!r}
 T - 3 scrolls of fear {!r}
Potions
 i - a potion of curing {!q}
 l - 6 potions of haste {!q}
 x - 5 potions of brilliance {!q}
 D - 10 potions of might {!q}
 E - a potion of invisibility {!q}
 F - 4 potions of magic {!q}
 G - 5 potions of agility {!q}
 X - 4 potions of cancellation {!q}
Books
 I - a manual of Dodging
Miscellaneous
 n - a phial of floods (inert)
 O - the horn of Geryon (inert)
 P - 2 boxes of beasts
 U - a lightning rod (4/4)
Comestibles
 f - 37 rations


   Skills:
 - Level 13.0(12.8) Fighting
 - Level 14.3(16.4) Short Blades
 + Level 11.6(13.2) Long Blades
 - Level 12.0(11.8) Slings
 - Level 12.8(12.7) Armour
 - Level 21.0(20.8) Dodging
 - Level 18.0(17.8) Stealth
 - Level 9.0(8.8) Shields
 - Level 14.0(13.8) Spellcasting
 - Level 10.0(9.9) Earth Magic
 - Level 25.0(24.8) Evocations


You had 20 spell levels left.
You knew the following spells:

 Your Spells              Type           Power        Failure   Level  Hunger
a - Poisonous Vapours     Pois/Air       ##....       100%        2    None
b - Passwall              Tmut/Erth      ####......   94%         2    None
c - Passage of Golubria   Tloc           N/A          100%        4    #......
d - Lee's Rapid Deconstr  Erth           #####.....   99%         5    ####...
e - Petrify               Tmut/Erth      ####....     100%        4    #......
f - Borgnjor's Vile Clut  Necr/Erth      ####......   100%        5    ####...
g - Mephitic Cloud        Conj/Pois/Air  ##......     100%        3    None
s - Conjure Flame         Conj/Fire      ###.....     100%        3    None
v - Blink                 Tloc           N/A          100%        2    None


Dungeon Overview and Level Annotations

Branches:
Dungeon (15/15)            Temple (1/1) D:5            Lair (6/6) D:8
  Swamp (0/4) Lair:3        Snake (1/4) Lair:4        Slime (5/5) Lair:5
    Orc (2/2) D:10            Elf (3/3) Orc:2        Vaults (0/5) D:14
 Depths (5/5) D:15           Hell (1/1)                 Dis (7/7) Hell
    Geh (0/7) Hell            Coc (0/7) Hell            Tar (0/7) Hell
    Zot (0/5) Depths:5

Altars:
Ashenzari
Dithmenos
Elyvilon
Fedhas
Gozag
Kikubaaqudgha
Okawaru
Sif Muna
Trog
Xom
Yredelemnul
Zin
The Shining One
Jiyva

Shops:
D:6 !   D:7 }*[!%   D:9 (   D:15 }[*   Orc:1 *   Orc:2 [*(:*   Elf:1 (
Elf:2 %   Depths:3 [[[

Portals:
Hell: Depths:1 Depths:2 Depths:3 Depths:4 Depths:5
Abyss: Depths:1 Depths:3 Depths:4 Depths:5
Pandemonium: Depths:3 Depths:5
Ziggurat: Depths:1

Annotations:
Depths:2 1 runed door


Innate Abilities, Weirdness & Mutations

You are very small and have problems with some larger weapons.
You are too small for most types of armour.
You have supernaturally acute eyesight. (SInv)
You are a herbivore.
You cover ground extremely quickly.
You need consume almost no food.
You have sharp fingernails.
You are agile. (Dex +2)
Your system is resistant to poisons. (rPois)
You are robust. (+10% HP)


Message History

The rust devil is lightly wounded.
Your primal batweird beast grabs the rust devil.
Your primal batweird beast constricts the rust devil!
You block the rust devil's attack.
You hit the rust devil.
The rust devil is severely wounded.
The ancient champion is no longer distracted by gold.
Your primal batweird beast constricts the rust devil.
The rust devil dies!
The ancient champion points at you and mumbles some strange words.
The iron shot misses you.
Your primal batweird beast grabs the ancient champion.
Your primal batweird beast constricts the ancient champion!
The ancient champion hits your primal batweird beast with an enchanted battleaxe!
Your primal batweird beast constricts the ancient champion!
Your primal batweird beast constricts the ancient champion.
The ancient champion is destroyed!
What are your orders? t - Shout!
Orders for allies: a - Attack new target. r - Retreat! s - Stop attacking. g - Guard the area. f - Follow me.
Anything else - Cancel.
Gang up on whom?
Press: ? - help, Dir - move target cursor, f - iron giant
Aim: an iron giant, wielding a giant club Attack!
The iron giant hits your primal batweird beast but does no damage.
The iron giant hits your primal batweird beast but does no damage.
An Ice Fiend comes into view.
There is an open door here.
Things that are here:
35 gold pieces; an enchanted great mace; a plate armour You hit the iron giant but do no damage.
The iron giant is heavily wounded.
The iron giant hits you with a giant club!!
* * * LOW HITPOINT WARNING * * *
You slash the iron giant!
The iron giant is heavily wounded.
What are your orders? t - Shout!
Orders for allies: a - Attack new target. p - Attack previous target. r - Retreat! s - Stop attacking. g - Guard the area. f - Follow me.
Anything else - Cancel.
Gang up on whom?
Press: ? - help, Dir - move target cursor, f - Ice Fiend, p - iron giant
Aim: an Ice Fiend Attack!
The Ice Fiend calls on the powers of darkness!
The iron giant convulses!
Your primal batweird beast convulses!
Your body is wracked with pain!
* * * LOW HITPOINT WARNING * * *
The iron giant throws the Ice Fiend at you!
Unknown command.
The Ice Fiend claws your primal batweird beast!
The Ice Fiend freezes your primal batweird beast!!!
Your primal batweird beast dies!
Your primal batweird beast's corpse disappears in a puff of smoke!
The iron giant casts a spell at you. The iron shot hits you!
You die...
Your body crumbles into a pile of gold.

....# ####### ....#
#$$$$$#..# ....#
#$$})$#..# ....#
+$[.)$#..# ....#
#$:$2$#..# ....#
#$$$$$#..# ....###
.#######..# .#....#
........$$# .#....#
......C$@.#
####..#########ยง###
...#...........1#
...#............#
...##############
..........
..........
..........
..........


You could see an iron giant and an Ice Fiend.

Vanquished Creatures
  the Royal Jelly (Slime:5)
  2 juggernauts
  Sojobo (Depths:5)
  3 caustic shrikes
  Geryon (Hell)
  3 golden dragons
  the Enchantress (Depths:4)
  2 tentacled monstrosities
  2 liches
  A Hell Sentinel (Dis:7)
  Rupert (Lair:3)
  2 deep elf blademasters (Elf:3)
  2 titans
  A quicksilver dragon (Depths:3)
  2 deep elf master archers (Elf:3)
  An eldritch tentacle (Dis:4)
  Frances (Elf:1)
  33 acid blobs
  2 sphinxes
  Agnes (Elf:2)
  A storm dragon (Depths:3)
  12 azure jellies
  7 tengu reavers
  9 fire giants
  4 deep elf sorcerers
  5 frost giants
  An iron dragon (Depths:3)
  A deep elf elementalist (Elf:3)
  2 draconian scorchers (Depths:5)
  2 orc warlords (Orc:2)
  10 reapers
  3 spriggan defenders (Depths:4)
  15 stone giants
  22 very ugly things
  2 war gargoyles (Depths:5)
  6 vampire knights
  A lorocyproca (Depths:5)
  8 deep elf annihilators
  6 deep elf demonologists
  A minotaur (Lab)
  A green draconian (Depths:5)
  A purple draconian (Depths:5)
  A dire elephant (Lair:6)
  A white draconian (Depths:5)
  11 spark wasps
  A red draconian (Depths:5)
  2 yellow draconians (Depths:5)
  A green death (Hell)
  6 blizzard demons
  6 deep elf death magi
  12 ettins
  7 death oozes
  2 yaktaur captains
  5 great orbs of eyes
  6 deep elf high priests
  6 hydras
  A quicksilver dragon zombie (Dis:2)
  9 ice dragons
  2 rakshasas (Depths:3)
  10 fire dragons
  A hydra (shapeshifter) (Depths:4)
  Fannar (D:10)
  11 centaur warriors
  10 spriggan air magi
  A catoblepas (Lair:6)
  18 two-headed ogres
  4 ogre magi
  3 tengu warriors
  3 death yaks (Lair:6)
  A death knight (D:14)
  15 deep troll shamans
  2 hell hogs (Dis:2)
  4 vampire magi
  16 deep troll earth magi
  6 orc high priests
  8 sun demons
  A storm dragon zombie (Dis:4)
  13 spriggan berserkers
  2 iron golems (Depths:5)
  2 soul eaters (Depths:5)
  2 iron trolls
  9 hell knights
  15 deep elf knights
  Nergalle (Lair:2)
  36 deep trolls
  2 shadow demons (Dis:3)
  A deep troll (shapeshifter) (Depths:3)
  15 skeletal warriors
  5 glowing orange brains
  2 unseen horrors
  A spark wasp zombie (Hell)
  A swamp dragon (Lair:6)
  5 flayed ghosts
  Pikel (D:6)
  2 lindwurms (Lair:6)
  6 phantasmal warriors
  17 deep elf archers
  10 orc knights
  2 wizards (Depths:2)
  6 orc sorcerers
  78 deep elf magi
  9 shining eyes
  A stone giant zombie (Hell)
  A manticore (shapeshifter) (Depths:4)
  2 fire giant zombies
  2 oklob plants
  28 ugly things
  A faun (shapeshifter) (Depths:3)
  4 manticores
  4 cyclopes
  An elephant (shapeshifter) (Depths:1)
  15 elephants
  4 ice statues
  Maurice (D:9)
  8 moths of wrath (Depths:4)
  11 rust devils
  A guardian serpent (shapeshifter) (Elf:3)
  A guardian serpent (D:11)
  2 torpor snails
  A gargoyle (D:12)
  10 spiny frogs
  A dire elephant zombie (Dis:3)
  3 black mambas
  2 eyes of devastation (Slime:4)
  A smoke demon (Hell)
  2 elf zombies (Hell)
  3 hellions
  2 yaktaur zombies (Hell)
  38 yaktaurs
  A kobold demonologist (D:13)
  A spriggan zombie (Hell)
  10 komodo dragons
  7 tormentors
  An efreet (D:13)
  6 freezing wraiths
  9 ice devils
  9 rime drakes
  3 golden dragon simulacra (IceCv)
  6 anaconda simulacra (IceCv)
  3 red devils
  A silent spectre (Depths:4)
  A tengu conjurer (D:15)
  3 hydra zombies
  A hellwing (Depths:4)
  A harpy zombie (Dis:3)
  2 trolls
  The ghost of Amnesiac the Prestidigitator, a novice SpAr of Gozag (D:7)
  A queen bee (Lair:4)
  3 meliai (Lair:4)
  2 hydra skeletons (Hell)
  An ice dragon zombie (Dis:2)
  17 hippogriffs
  145 slime creatures
  An alligator zombie (Hell)
  3 dream sheep
  3 hornets
  4 blink frogs (Lair:2)
  A hornet (shapeshifter) (D:15)
  A slime creature (shapeshifter) (Depths:2)
  A dream sheep (shapeshifter) (Depths:4)
  A fire dragon zombie (Dis:5)
  4 flying skulls
  Sigmund (D:2)
  2 dire elephant simulacra (IceCv)
  A tarantella (shapeshifter) (Depths:1)
  8 spriggans
  7 shadows
  Eustachio (D:6)
  33 yaks
  2 vampires
  2 air elementals
  A yak (shapeshifter) (Depths:2)
  2 wraiths
  10 water elementals
  4 wyverns
  11 fire elementals
  2 basilisks
  A hog (shapeshifter) (Depths:5)
  5 hungry ghosts
  8 golden eyes
  A steam dragon (Lair:6)
  6 vampire mosquitoes (D:15)
  2 iron troll simulacra (IceCv)
  5 nagas
  2 wargs
  3 acid dragons
  2 soldier ants
  2 harpy simulacra (IceCv)
  3 hell hounds
  9 water moccasins
  5 hydra simulacra
  3 sky beasts
  Duvessa (D:6)
  A floating eye (Depths:3)
  8 porcupines
  62 orc warriors
  3 ice beasts
  4 slaves (D:6)
  An alligator simulacrum (IceCv)
  8 eyes of draining
  9 boggarts
  5 phantoms
  26 wolves
  13 centaurs
  24 ogres
  3 necrophages
  A swamp dragon skeleton (Dis:3)
  13 crocodiles
  2 big kobolds
  16 bullfrogs
  A wyvern zombie (D:7)
  3 earth elementals (Elf:2)
  2 wyvern skeletons
  Dowan (D:6)
  5 scorpions
  33 killer bees
  18 wights
  3 electric eels
  20 crimson imps
  2 draconian simulacra (IceCv)
  2 bullfrog zombies
  2 centaur zombies
  A quasit (D:7)
  5 jellies
  8 hounds
  Crazy Yiuf (D:7)
  20 orc priests
  5 bullfrog skeletons
  3 centaur skeletons
  11 iron imps
  Jessica (D:2)
  7 iguanas
  11 hell rats
  9 worker ants
  28 orc wizards
  A spriggan simulacrum (IceCv)
  2 troll simulacra (IceCv)
  A polar bear simulacrum (IceCv)
  2 wolf simulacra (IceCv)
  An ogre zombie (Dis:1)
  3 centaur simulacra (IceCv)
  2 hound skeletons
  2 mummies
  9 gnolls
  A naga simulacrum (IceCv)
  18 adders
  2 ogre simulacra (IceCv)
  8 shadow imps
  7 white imps (IceCv)
  8 ufetubi (IceCv)
  4 oozes
  2 adder skeletons (D:5)
  2 worms (D:2)
  A dart slug (D:2)
  16 leopard geckos
  146 orcs
  9 ball pythons (Sewer)
  5 bats
  19 giant cockroaches
  6 goblins
  8 hobgoblins
  2 jackals (D:4)
  3 quokkas
  18 frilled lizards
  11 kobolds
  A quokka skeleton (D:6)
  A quokka zombie (D:7)
  5 rats
  A bush (Lair:2)
  6 plants
1903 creatures vanquished.

Vanquished Creatures (collateral kills)
  Dissolution (Slime:2)
  Mennas (Depths:4)
  Saint Roka (Depths:5)
  2 caustic shrikes
  The ghost of Gorglomux the Warrior, a veteran MiWr of Okawaru (Depths:2)
  A lich (Dis:5)
  A Brimstone Fiend (Dis:7)
  An iron giant (Dis:7)
  6 Hell Sentinels
  An Ice Fiend (Dis:2)
  4 ancient champions (Dis:7)
  3 deep elf sorcerers (Elf:3)
  A frost giant (Depths:5)
  2 cacodemons
  2 very ugly things (Depths:5)
  2 reapers
  3 deep elf annihilators (Elf:3)
  A spark wasp (Depths:3)
  2 deep elf death magi (Elf:3)
  A yaktaur captain (Depths:5)
  A great orb of eyes (Depths:5)
  A hell hog (Dis:2)
  A deep troll earth mage (Depths:5)
  A soul eater (Hell)
  A deep troll (Depths:5)
  A deep elf archer (Elf:3)
  A deep elf mage (Elf:3)
  An ugly thing (Depths:5)
  A frost giant zombie (Hell)
  A rust devil (Dis:7)
  A spriggan zombie (Hell)
  An ettin zombie (Hell)
  2 slime creatures (Slime:2)
  A shadow (Dis:2)
  A water elemental (Depths:5)
  A wraith (Dis:5)
  A warg (Depths:5)
  2 orc warriors (Depths:5)
  2 orc priests
  An iron imp (Dis:7)
  A gnoll (D:4)
  An adder (D:4)
  2 white imps
  9 orcs
  2 giant cockroaches (Sewer)
  5 jackals (D:4)
  A plant (Depths:5)
81 creatures vanquished.

Vanquished Creatures (others)
  2 caustic shrikes (Depths:5)
  An eldritch tentacle (Dis:3)
  A fire giant (Depths:5)
  A spark wasp (Depths:3)
  An ice dragon (Depths:5)
  32 dancing weapons
  A deep elf knight (Elf:2)
  A sun demon (Hell)
  An anaconda zombie (Dis:7)
  A fire giant zombie (Hell)
  A stone giant zombie (Hell)
  2 rust devils (Depths:5)
  A hornet (Depths:1)
  A dream sheep (shapeshifter) (Depths:1)
  2 adders
  5 fungi
  45 plants
99 creatures vanquished.

Grand Total: 2083 creatures vanquished

Notes
Turn   | Place    | Note
-------+----------+-------------------------------------------
     0 | D:1      | Amnesiac the Spriggan Artificer began the quest for the Orb.
     0 | D:1      | Reached XP level 1. HP: 9/9 MP: 4/4
   330 | D:3      | Reached skill level 1 in Fighting
   330 | D:3      | Reached XP level 2. HP: 14/14 MP: 6/6
   346 | D:3      | Found a white marble altar of Elyvilon.
   646 | D:3      | Found a glowing drain.
   695 | D:3      | Reached XP level 3. HP: 18/18 MP: 7/7
   736 | D:3      | Found a shimmering altar of Xom.
   739 | D:3      | Reached skill level 5 in Evocations
   777 | Sewer    | Entered a sewer
   969 | Sewer    | Reached XP level 4. HP: 21/22 MP: 8/8
  1981 | Sewer    | Noticed a bullfrog
  1986 | Sewer    | Killed a bullfrog
  1986 | Sewer    | Reached skill level 6 in Evocations
  1986 | Sewer    | Reached XP level 5. HP: 19/26 MP: 10/10
  2109 | Sewer    | Reached skill level 5 in Dodging
  2109 | Sewer    | Reached XP level 6. HP: 27/30 MP: 10/12
  2474 | D:4      | Found an ancient bone altar of Kikubaaqudgha.
  2693 | D:4      | Reached skill level 7 in Evocations
  3283 | D:5      | Entered Level 5 of the Dungeon
  3580 | D:5      | Found a staircase to the Ecumenical Temple.
  3588 | Temple   | Entered the Ecumenical Temple
  3609 | Temple   | Became a worshipper of Gozag Ym Sagoz the Greedy
  3973 | D:1      | Reached XP level 7. HP: 35/35 MP: 13/13
  4763 | D:2      | Reached skill level 8 in Evocations
  4941 | D:2      | Noticed Jessica
  4957 | D:2      | Killed Jessica
  5042 | D:2      | Noticed Sigmund
  5050 | D:2      | Killed Sigmund
  5610 | D:3      | You fall through a shaft for 3 floors!
  5755 | D:6      | Reached skill level 9 in Evocations
  6282 | D:5      | Reached XP level 8. HP: 23/42 MP: 14/16
  6520 | D:5      | Reached skill level 10 in Evocations
  6857 | D:6      | HP: 1/42 [centaur/arrow (15)]
  6862 | D:6      | Noticed Pikel
  6863 | D:6      | Noticed Dowan
  6863 | D:6      | Found Botupiuss's Distillery.
  6875 | D:6      | Killed Pikel
  6875 | D:6      | Reached skill level 11 in Evocations
  6875 | D:6      | Reached XP level 9. HP: 40/46 MP: 16/18
  6877 | D:6      | Noticed Duvessa
  6881 | D:6      | Killed Dowan
  6886 | D:6      | Killed Duvessa
  7117 | D:6      | Bought a potion of heal wounds for 50 gold pieces
  7117 | D:6      | Bought a potion of resistance for 100 gold pieces
  7117 | D:6      | Bought a potion of might for 40 gold pieces
  7117 | D:6      | Bought a potion of invisibility for 80 gold pieces
  7117 | D:6      | Bought a potion of haste for 100 gold pieces
  7117 | D:6      | Bought a potion of magic for 80 gold pieces
  7117 | D:6      | Bought 2 potions of agility for 80 gold pieces
  7117 | D:6      | Bought a potion of heal wounds for 50 gold pieces
  7523 | D:6      | Reached skill level 5 in Fighting
  7594 | D:6      | Noticed Eustachio
  7617 | D:6      | Killed Eustachio
  7776 | D:6      | Reached skill level 12 in Evocations
  8552 | D:7      | Found Onker's Gadget Shop.
  8610 | D:7      | Found Gouptaf's General Store.
  8644 | D:7      | HP: 1/47 [ogre/giant spiked club (26)]
  8933 | D:7      | Bought a potion of flight for 45 gold pieces
  8933 | D:7      | Bought a sack of spiders for 300 gold pieces
  8976 | D:7      | Noticed Amnesiac's ghost (novice SpAr)
  8994 | D:7      | Killed Amnesiac's ghost
  9259 | D:7      | Reached skill level 10 in Dodging
  9343 | D:7      | Reached skill level 13 in Evocations
  9471 | D:7      | Found a shadowy altar of Dithmenos.
  9771 | D:7      | Found Zottufo's Armour Shoppe.
  9772 | D:7      | Found Larawuecvea's Food Shop.
  9779 | D:7      | Bought a +0 buckler for 54 gold pieces
 10021 | D:7      | Bought a wand of paralysis (6) for 128 gold pieces
 10021 | D:7      | Bought a wand of disintegration (8) for 192 gold pieces
 10117 | D:7      | Reached XP level 10. HP: 53/53 MP: 20/20
 10143 | D:7      | Found Xasidouh's Distillery.
 10290 | D:7      | Found a runed door.
 10463 | D:7      | Noticed Crazy Yiuf
 10464 | D:7      | Killed Crazy Yiuf
 10562 | D:7      | Bought a potion of mutation for 104 gold pieces
 10614 | D:8      | Found a staircase to the Lair.
 10725 | D:8      | Noticed a two-headed ogre
 10751 | D:8      | Killed a two-headed ogre
 10751 | D:8      | Reached skill level 1 in Shields
 10824 | D:8      | Reached skill level 14 in Evocations
 11880 | D:8      | Found a glowing silver altar of Zin.
 11880 | D:8      | Found a glowing golden altar of the Shining One.
 11881 | D:8      | Found a basalt altar of Yredelemnul.
 11986 | D:9      | Found a flagged portal.
 12163 | Bailey   | Entered a bailey
 12657 | Bailey   | Noticed an orc knight
 12657 | Bailey   | Noticed an orc knight
 12661 | Bailey   | Killed an orc knight
 12661 | Bailey   | Reached XP level 11. HP: 58/58 MP: 23/23
 12662 | Bailey   | Killed an orc knight
 12665 | Bailey   | Noticed an orc knight
 12677 | Bailey   | Noticed an orc knight
 12681 | Bailey   | Killed an orc knight
 12681 | Bailey   | Reached skill level 15 in Evocations
 12695 | Bailey   | Killed an orc knight
 13024 | D:9      | Noticed Maurice
 13038 | D:9      | Killed Maurice
 13392 | D:9      | Found Ranwiuco's Weapon Emporium.
 13399 | D:9      | Bought a +0 blowgun for 40 gold pieces
 13610 | D:7      | Bought a lightning rod (4/4) for 640 gold pieces
 13610 | D:7      | Bought a wand of flame (35) for 296 gold pieces
 13640 | D:10     | Entered Level 10 of the Dungeon
 13691 | D:10     | Found an opulent altar of Gozag.
 14110 | D:10     | Found a staircase to the Orcish Mines.
 14163 | D:10     | Noticed a two-headed ogre
 14174 | D:10     | Killed a two-headed ogre
 14321 | D:10     | Noticed Fannar
 14332 | D:10     | Killed Fannar
 14332 | D:10     | Reached skill level 16 in Evocations
 14744 | Orc:1    | Entered Level 1 of the Orcish Mines
 15051 | Orc:1    | Found Taop's Assorted Antiques.
 15057 | Orc:1    | Noticed an orc knight
 15066 | Orc:1    | Killed an orc knight
 15303 | Orc:1    | Reached XP level 12. HP: 64/64 MP: 25/25
 15442 | Orc:1    | Bought a wand of iceblast (14) for 96 gold pieces
 15593 | Orc:2    | Entered Level 2 of the Orcish Mines
 16085 | Orc:2    | Found Amiagone's Assorted Antiques.
 16090 | Orc:2    | Bought a green potion for 31 gold pieces
 16090 | Orc:2    | Bought a scroll labeled DUVVOACIZI for 35 gold pieces
 16132 | Orc:2    | Reached XP level 13. HP: 68/68 MP: 26/26
 16217 | Orc:2    | Found a staircase to the Elven Halls.
 16571 | Orc:2    | Noticed an ettin
 16606 | Orc:2    | Killed an ettin
 16876 | Orc:2    | Noticed an orc warlord
 16895 | Orc:2    | Killed an orc warlord
 16895 | Orc:2    | Reached skill level 17 in Evocations
 17861 | Orc:1    | Bought a transparent hunting sling for 156 gold pieces
 17861 | Orc:1    | Identified the +11 hunting sling of Jiotusutaw {flame, rC+} (You bought it in a shop on level 1 of the Orcish Mines)
 18009 | Orc:2    | Noticed an orc warlord
 18273 | Orc:2    | Killed an orc warlord
 19224 | Orc:2    | Found Huzu's Antique Armour Shop.
 19232 | Orc:2    | Found Erikhlenk's Antique Weapon Shop.
 19271 | Orc:2    | Found Loukkeg's General Store.
 19271 | Orc:2    | Found Taeli's Book Boutique.
 19899 | Orc:2    | Bought a crystal rapier for 252 gold pieces
 19899 | Orc:2    | Bought an ancient short sword for 224 gold pieces
 19899 | Orc:2    | Identified the +8 short sword of Kismet {holy, rPois MR+ Str+4} (You bought it in a shop on level 2 of the Orcish Mines)
 19986 | Orc:2    | Bought a scroll of identify for 70 gold pieces
 19986 | Orc:2    | Identified the +12 rapier "Rojucit" {vamp, *Slow Str-4 Int+9 SInv} (You bought it in a shop on level 2 of the Orcish Mines)
 20011 | Elf:1    | Entered Level 1 of the Elven Halls
 20165 | Lair:1   | Entered Level 1 of the Lair of Beasts
 20206 | Lair:1   | Reached skill level 18 in Evocations
 20276 | Lair:1   | Learned a level 2 spell: Passwall
 21418 | Lair:2   | Reached skill level 1 in Slings
 21488 | Lair:2   | Noticed Nergalle
 21498 | Lair:2   | Killed Nergalle
 21498 | Lair:2   | Reached skill level 15 in Dodging
 21498 | Lair:2   | Reached XP level 14. HP: 61/75 MP: 24/28
 22395 | Lair:3   | Reached skill level 5 in Slings
 22444 | Lair:3   | Found a staircase to the Swamp.
 22554 | Lair:3   | Noticed Rupert
 22598 | Lair:3   | Killed Rupert
 23026 | Lair:3   | Found a blossoming altar of Fedhas.
 23666 | Lair:4   | Found a staircase to the Snake Pit.
 24032 | Lair:4   | Reached skill level 10 in Slings
 25179 | Orc:2    | Bought a manual of Spellcasting for 1656 gold pieces
 25719 | Lair:5   | Reached skill level 1 in Spellcasting
 25931 | Lair:5   | Found a staircase to the Slime Pits.
 25932 | Lair:5   | Found a viscous altar of Jiyva.
 26020 | Lair:5   | Reached skill level 5 in Spellcasting
 26504 | Lair:6   | Entered Level 6 of the Lair of Beasts
 26729 | Lair:6   | Reached skill level 10 in Spellcasting
 26823 | Lair:6   | Learned a level 2 spell: Poisonous Vapours
 26827 | Lair:6   | Learned a level 3 spell: Mephitic Cloud
 26833 | Lair:6   | Learned a level 5 spell: Lee's Rapid Deconstruction
 26906 | Lair:6   | Reached XP level 15. HP: 57/79 MP: 22/30
 27036 | Lair:6   | Found a labyrinth entrance.
 27049 | Lab      | Entered a labyrinth
 27240 | Lab      | Got an ichor-stained whip
 28842 | Elf:1    | Learned a level 2 spell: Blink
 28847 | Elf:1    | Learned a level 4 spell: Passage of Golubria
 29056 | Elf:1    | Noticed a deep elf sorcerer
 29064 | Elf:1    | Killed a deep elf sorcerer
 29067 | Elf:1    | Reached skill level 5 in Stealth
 29560 | Elf:1    | Reached skill level 19 in Evocations
 29791 | Elf:1    | Found Ynadom's Antique Weapon Boutique.
 30398 | Elf:1    | Reached XP level 16. HP: 84/84 MP: 35/35
 30420 | Elf:1    | Noticed Frances
 30451 | Elf:1    | Killed Frances
 30855 | Elf:1    | Reached skill level 10 in Fighting
 31593 | Elf:2    | Reached skill level 20 in Evocations
 31815 | Elf:2    | Noticed Agnes
 31850 | Elf:2    | Killed Agnes
 31991 | Elf:2    | Found Dud Hoa's Food Shoppe.
 32389 | Elf:2    | Found a runed gate.
 32389 | Elf:2    | Found a runed gate.
 32389 | Elf:2    | Found a runed gate.
 32455 | Elf:2    | Reached skill level 10 in Stealth
 33331 | Elf:3    | Entered Level 3 of the Elven Halls
 33808 | Elf:3    | Found a frozen archway.
 33841 | Elf:3    | Reached XP level 17. HP: 90/90 MP: 36/36
 33940 | IceCv    | Entered an ice cave
 34045 | IceCv    | Reached skill level 21 in Evocations
 35841 | Elf:3    | Noticed a deep elf blademaster
 35897 | Elf:3    | Killed a deep elf blademaster
 36302 | Elf:3    | Noticed a deep elf master archer
 36310 | Elf:3    | Noticed a deep elf blademaster
 36313 | Elf:3    | Noticed a deep elf master archer
 36318 | Elf:3    | Killed a deep elf master archer
 36330 | Elf:3    | Killed a deep elf blademaster
 36330 | Elf:3    | Killed a deep elf master archer
 36644 | Elf:3    | Killed a ghostly deep elf blademaster
 36742 | Elf:3    | Reached skill level 22 in Evocations
 36831 | Elf:3    | Got a transparent emerald amulet
 36832 | Elf:3    | Identified the amulet of Nohuwk {+Rage rN++ Str+2} (You took it off a deep elf mage on level 3 of the Elven Halls)
 36838 | Elf:3    | Got a polished war axe {chaos}
 36843 | Elf:3    | Got an iridescent lajatang {slice}
 36845 | Elf:3    | Got a bound bone ring
 36847 | Elf:3    | Identified the ring "Eczis" {Fire rPois rN+ MR++} (You took it off a deep elf death mage on level 3 of the Elven Halls)
 36906 | Elf:3    | Found the +3 giant club "Skullcrusher" {speed, Str+7}
 37559 | Elf:1    | Bought a glowing dagger for 110 gold pieces
 39510 | D:13     | Reached XP level 18. HP: 87/96 MP: 30/37
 39619 | D:13     | Reached skill level 1 in Earth Magic
 40582 | D:14     | Found a gate to the Vaults.
 40918 | D:14     | Found the +8 Wrath of Trog {antimagic, *Rage}
 41290 | D:14     | Learned a level 5 spell: Borgnjor's Vile Clutch
 41294 | D:14     | Learned a level 3 spell: Conjure Flame
 41299 | D:14     | Learned a level 4 spell: Petrify
 41314 | D:15     | Entered Level 15 of the Dungeon
 41604 | D:15     | Found a shimmering altar of Xom.
 41777 | D:15     | Found a staircase to the Depths.
 42223 | D:15     | Reached skill level 23 in Evocations
 42457 | D:15     | Found a deep blue altar of Sif Muna.
 43655 | Slime:1  | Entered Level 1 of the Pits of Slime
 43978 | Lair:5   | You fall through a shaft!
 44570 | Slime:1  | Gained mutation: Your spells are a little harder to cast, but a little more powerful. [a shining eye]
 44980 | Slime:2  | Noticed Dissolution
 45048 | Slime:2  | Killed Dissolution
 45048 | Slime:2  | Reached skill level 15 in Stealth
 46016 | Slime:4  | Reached XP level 19. HP: 84/102 MP: 37/38
 46649 | Slime:4  | Reached skill level 5 in Earth Magic
 50337 | Slime:2  | Reached skill level 24 in Evocations
 50465 | Slime:5  | Entered Level 5 of the Pits of Slime
 51020 | Slime:5  | Gained mutation: Your body sometimes deteriorates upon taking damage. [a shining eye]
 51201 | Slime:5  | Gained mutation: Your body often deteriorates upon taking damage. [a shining eye]
 51782 | Slime:5  | Noticed the Royal Jelly
 52065 | Slime:5  | Found a viscous altar of Jiyva.
 52068 | Slime:5  | Gained mutation: You are frail. (-10% HP) [a shining eye]
 52146 | Slime:5  | Found the +8 whip "Snakebite" {curare, rPois}
 53442 | Slime:5  | Killed the Royal Jelly
 54414 | Slime:5  | Got a slimy rune of Zot
 55202 | Depths:1 | Entered Level 1 of the Depths
 55270 | D:15     | Lost mutation: You are frail. (-10% HP) [potion of mutation]
 55270 | D:15     | Lost mutation: Your body often deteriorates upon taking damage. [potion of mutation]
 55270 | D:15     | Lost mutation: Your body sometimes deteriorates upon taking damage. [potion of mutation]
 55270 | D:15     | Gained mutation: You are weak. (Str -2) [potion of mutation]
 55270 | D:15     | Gained mutation: You have an increased reservoir of magic. (+10% MP) [potion of mutation]
 55270 | D:15     | Gained mutation: You are resistant to hostile enchantments. (MR+) [potion of mutation]
 55444 | Depths:1 | Reached XP level 20. HP: 64/107 MP: 33/42
 56125 | Depths:1 | Found a gateway to Hell.
 56595 | Depths:1 | Found a gateway to a ziggurat.
 57131 | D:15     | Bought a box of beasts for 400 gold pieces
 57131 | D:15     | Bought a box of beasts for 400 gold pieces
 57131 | D:15     | Bought a sack of spiders for 400 gold pieces
 57131 | D:15     | Bought a wand of scattershot (5) for 540 gold pieces
 57131 | D:15     | Bought a wand of disintegration (14) for 360 gold pieces
 57140 | D:15     | Bought a wand of iceblast (6) for 132 gold pieces
 57142 | D:15     | Bought the +9 scales of the Dragon King {rPois rF+ rC+ MR+} for 2121 gold pieces
 57142 | D:15     | Found the +9 scales of the Dragon King {rPois rF+ rC+ MR+}
 57412 | Snake:1  | Entered Level 1 of the Snake Pit
 57817 | Depths:1 | Reached skill level 25 in Evocations
 58880 | Depths:1 | Found a blossoming altar of Fedhas.
 58936 | Depths:1 | Found a one-way gate to the infinite horrors of the Abyss.
 59581 | Depths:2 | Noticed a golden dragon
 59585 | Depths:2 | Killed a golden dragon
 59740 | Depths:2 | Noticed Gorglomux's ghost (veteran MiWr)
 60585 | Depths:1 | Reached skill level 10 in Earth Magic
 60810 | Depths:1 | Reached skill level 1 in Armour
 60903 | Depths:2 | Noticed a golden dragon
 61076 | Depths:1 | Killed a golden dragon
 61396 | Depths:2 | Killed Gorglomux's ghost
 61396 | Depths:2 | Reached XP level 21. HP: 50/112 MP: 28/43
 61477 | Depths:2 | Noticed a caustic shrike
 61983 | Depths:2 | Reached skill level 5 in Armour
 62018 | Depths:2 | Killed a caustic shrike
 62856 | Depths:2 | Found a runed door.
 65488 | Depths:3 | Noticed a caustic shrike
 65489 | Depths:3 | Noticed a caustic shrike
 65494 | Depths:3 | Noticed a caustic shrike
 65510 | Depths:3 | Killed a caustic shrike
 65535 | Depths:3 | Killed a caustic shrike
 65663 | Depths:3 | Noticed a juggernaut
 65799 | Depths:2 | Killed a juggernaut
 66054 | Depths:1 | Lost mutation: Your spells are a little harder to cast, but a little more powerful. [potion of mutation]
 66054 | Depths:1 | Lost mutation: You have an increased reservoir of magic. (+10% MP) [potion of mutation]
 66054 | Depths:1 | Gained mutation: Your flesh is cold resistant. (rC+) [potion of mutation]
 66054 | Depths:1 | Gained mutation: You possess an exceptional clarity of mind. [potion of mutation]
 66055 | Depths:1 | Lost mutation: You possess an exceptional clarity of mind. [potion of mutation]
 66055 | Depths:1 | Gained mutation: You are robust. (+10% HP) [potion of mutation]
 66055 | Depths:1 | Gained mutation: You are agile. (Dex +2) [potion of mutation]
 66056 | Depths:1 | Lost mutation: You are resistant to hostile enchantments. (MR+) [potion of mutation]
 66056 | Depths:1 | Lost mutation: You are weak. (Str -2) [potion of mutation]
 66056 | Depths:1 | Lost mutation: You are agile. (Dex +2) [potion of mutation]
 66056 | Depths:1 | Lost mutation: Your flesh is cold resistant. (rC+) [potion of mutation]
 66056 | Depths:1 | Gained mutation: Your system is resistant to poisons. (rPois) [potion of mutation]
 66056 | Depths:1 | Gained mutation: You have sharp fingernails. [potion of mutation]
 66056 | Depths:1 | Gained mutation: Your flesh is cold resistant. (rC+) [potion of mutation]
 66056 | Depths:1 | Gained mutation: You have sharp toenails. [potion of mutation]
 66632 | Depths:3 | Reached skill level 10 in Armour
 67554 | Depths:3 | Bought the +3 buckler of Qazlal's Scorn {rPois rC+} for 527 gold pieces
 67554 | Depths:3 | Bought the +2 hat of Yredelemnul {rC+ Int+4 Dex+2} for 568 gold pieces
 68270 | Depths:3 | Found a one-way gate leading to the halls of Pandemonium.
 68573 | Depths:3 | Reached XP level 22. HP: 109/129 MP: 41/41
 69762 | Depths:3 | Identified the Disquisition on Ignition and Attacks
 70798 | Depths:4 | Found a transporter.
 70936 | Depths:4 | Noticed a golden dragon
 70965 | Depths:4 | Killed a golden dragon
 71210 | Depths:4 | Noticed Mennas
 71267 | Depths:4 | Killed Mennas
 71267 | Depths:4 | Reached skill level 1 in Long Blades
 72232 | Depths:4 | Found a transporter.
 72235 | Depths:4 | Found a runed door.
 72562 | Depths:4 | Noticed a juggernaut
 72563 | Depths:4 | Found a bloodstained altar of Trog.
 72564 | Depths:4 | Found the cursed necklace of Bloodlust {*Rage +Rage MR++ Int-3 Slay+6 *Curse}
 72583 | Depths:4 | Killed a juggernaut
 72583 | Depths:4 | Reached skill level 5 in Short Blades
 73151 | Depths:5 | Entered Level 5 of the Depths
 73155 | Depths:5 | Noticed the Enchantress
 73644 | Depths:4 | Killed the Enchantress
 73646 | Depths:4 | Got faerie dragon scales
 73657 | Depths:4 | Identified the +0 faerie dragon scales {rC+ rCorr} (You took it off the Enchantress on level 4 of the Depths)
 74378 | Depths:5 | Noticed Saint Roka
 74417 | Depths:5 | Killed Saint Roka
 74417 | Depths:5 | Reached skill level 10 in Short Blades
 74471 | Depths:5 | Noticed a caustic shrike
 74610 | Depths:5 | Noticed a caustic shrike
 74611 | Depths:5 | Noticed a caustic shrike
 74625 | Depths:5 | Killed a caustic shrike
 75190 | Depths:5 | Reached XP level 23. HP: 111/134 MP: 42/42
 75212 | Depths:5 | Noticed Sojobo
 75300 | Depths:5 | Killed Sojobo
 76747 | Depths:5 | Reached skill level 5 in Long Blades
 77230 | Depths:5 | Found a gate to the Realm of Zot.
 77361 | Hell     | Entered the Vestibule of Hell
 77361 | Hell     | Noticed Geryon
 77422 | Hell     | Killed Geryon
 79031 | Hell     | Found a gateway to the freezing wastes of Cocytus.
 79216 | Hell     | Found a gateway to the Iron City of Dis.
 79319 | Hell     | Found a gateway to the decaying netherworld of Tartarus.
 79384 | Hell     | Found a gateway to the ashen valley of Gehenna.
 79479 | Dis:1    | Entered Level 1 of the Iron City of Dis
 79920 | Dis:3    | Gained mutation: You are weak. (Str -2) [a cacodemon]
 80904 | Dis:5    | Lost mutation: You are weak. (Str -2) [potion of mutation]
 80904 | Dis:5    | Lost mutation: You have sharp toenails. [potion of mutation]
 80904 | Dis:5    | Lost mutation: Your flesh is cold resistant. (rC+) [potion of mutation]
 80904 | Dis:5    | Gained mutation: You are agile. (Dex +2) [potion of mutation]
 80956 | Dis:5    | Reached skill level 10 in Long Blades
 83170 | Dis:7    | Entered Level 7 of the Iron City of Dis
 83219 | Dis:7    | Got an iron rune of Zot
 83515 | Dis:7    | Killed from afar by an iron giant

Vault maps used:
D:1:      dpeg_arrival_arbitrary_a, roderic_lattice_a, nrook_mini_vaults
D:2:      uniq_sigmund, uniq_jessica
D:3:      xom_teletrap_fun, elyvilon_altar_5, gup_sewer_entry_glass
D:4:      old_standard_altar
D:5:      minmay_temple_entry_overgrown, first_ration
D:6:      serial_shops, nicolae_shop_stone, uniq_pikel, uniq_duvessa,
          uniq_eustachio
D:7:      nicolae_dithmenos_the_darkroom, serial_shops, nicolae_shop_trees,
          kennysheep_mini, shop_coins, shop_coins, shop_statue, grunt_ogre_cave,
          uniq_crazy_yiuf_cottage
D:8:      gammafunk_temple_overflow_claw, dpeg_oklobed_lair, minmay_nine_imps
D:9:      serial_shops, shop, enter_bailey_3, serial_park_tiny_pond,
          uniq_maurice
D:10:     hiddenorc1_lemuel, nicolae_gozag_seed_capital, uniq_fannar
D:11:     nrook_guardian_serpent_double
D:14:     erik_vaults_1, solitary_fountain, minmay_guarded_unrand_wrath_of_trog
D:15:     grunt_enter_depths_giant_problem, tgw_sif, basic_altar,
          elves_outpost_lemuel
Temple:   regret_index_temple_waves
Lair:1:   lemuel_fruit_fields
Lair:2:   minivault_11, grunt_forest_large_clearing_hut, uniq_nergalle
Lair:3:   swamp_mist_pool, st_stairs_10, tgw_fedhas, serial_bayou_shore_a,
          uniq_rupert
Lair:4:   regret_index_wax_grids, minmay_snake_entry_guardpost_small,
          grunt_forest_large_clearings
Lair:5:   slime_altar_1, grunt_megastairs_1
Lair:6:   hangedman_lair_in_review, guppyfry_lair_end_dragon, lab_entry_generic,
          nicolae_quartered_pool_little, st_stairs_6
Snake:1:  special_room, serial_shops, shop, spider_trap, uniq_azrael
Slime:1:  cheibrodos_slime_lost_civilization_5
Slime:2:  uniq_dissolution
Slime:3:  cheibrodos_slime_lost_civilization_1
Slime:4:  nicolae_slime_ancient_tower_intersection
Orc:1:    serial_shops, nicolae_shop_window_shopping
Orc:2:    st_orc_congregation, serial_shops, nicolae_shop_statue_plus
Elf:1:    minmay_elf_arrival_plus, serial_shops, shop, orc_legates,
          nrook_loot_triangle, nicolae_elf_v_pinch, uniq_frances
Elf:2:    serial_shops, nicolae_shop_waterfront, uniq_agnes
Elf:3:    elf_hall, portal_ice_cave_entry_ice_statue_two
Depths:1: enter_ziggurat_a, kennysheep_flooded_box, abyss_entry_crystal,
          hell_entry, lemuel_nasty_fountain
Depths:2: minmay_the_grid_square_5x5_4x4, serial_bayou_shore_b,
          hangedman_tar_grid_catacomb
Depths:3: grunt_runaround, serial_shops, pan_entry, hell_entry, abyss_entry
Depths:4: emtedronai_trogs_sanctum, abyss_entry, hellmouth_1, dk_noncrumbling_4,
          minmay_staircase_statues, uniq_mennas
Depths:5: grunt_zot_entry_alcove, serial_bayou_lagoon_a, abyss_entry, pan_entry,
          hangedman_coc_ice_floe, uniq_enchantress, uniq_saint_roka, uniq_sojobo
Dis:1:    grunt_megastairs_3
Dis:6:    hangedman_dis_chains
Dis:7:    dis_st
Lab:      nicolae_lab_quarters, lab_block, nicolae_lab_dead_end,
          nicolae_lab_arrow, nicolae_lab_starburst
Sewer:    sewer_frog_island_02
Bailey:   bailey_polearm_5, bailey
IceCv:    ice_cave_caverns_01

Skill      XL: |  1  2  3  4  5  6  7  8  9 10 11 12 13 14 15 16 17 18 19 20 21 22 23 |
---------------+----------------------------------------------------------------------+-----
Fighting       | 1 2 3 4 5 6 7 9 10 11 12 13 | 13.0
Stealth        | 2 7 11 13 15 16 18 | 18.0
Short Blades   | 2 12 14 | 14.3
Evocations     | 5 6 7 9 11 13 14 16 18 19 20 22 23 24 25 | 25.0
Dodging        | 4 5 7 8 10 11 13 15 16 17 18 19 20 21 | 21.0
Shields        | 2 4 7 9 |  9.0
Slings         | 2 12 | 12.0
Spellcasting   | 10 14 | 14.0
Earth Magic    | 4 6 10 | 10.0
Armour         | 4 11 12 | 12.8
Long Blades    | 4 11 | 11.6

Action                   |  1- 3 |  4- 6 |  7- 9 | 10-12 | 13-15 | 16-18 | 19-21 | 22-24 || total
-------------------------+-------+-------+-------+-------+-------+-------+-------+-------++-------
Melee: Short sword       |    62 |   248 |       |       |       |       |       |       ||   310
       Quarterstaff      |       |    59 |   289 |       |       |       |       |       ||   348
       Falchion          |       |       |   126 |   547 |   106 |       |       |       ||   779
       Rapier            |       |       |     1 |       |       |       |       |       ||     1
       Dagger            |       |       |       |   151 |    35 |       |       |       ||   186
       Whip              |       |       |       |       |       |       |   165 |    69 ||   234
       Kick              |       |       |       |       |       |       |    24 |   653 ||   677
       Demon blade       |       |       |       |       |       |       |       |  1324 ||  1324
       Quick blade       |       |       |       |       |       |       |       |   180 ||   180
 Fire: Hunting sling     |       |       |       |       |  1743 |  2536 |  3340 |   885 ||  8504
       Blowgun           |       |       |       |       |    77 |       |       |       ||    77
Throw: Stone             |       |       |     6 |       |     9 |       |    25 |     6 ||    46
 Cast: Passwall          |       |       |       |       |     3 |     2 |       |       ||     5
       Lee's Rapid Decon |       |       |       |       |       |       |     9 |       ||     9
       Petrify           |       |       |       |       |       |       |     1 |       ||     1
Invok: Potion Petition   |       |       |     1 |       |       |       |     2 |     7 ||    10
       Call Merchant     |       |       |       |       |       |       |     6 |       ||     6
 Abil: Evoke Flight      |       |       |       |       |       |     1 |       |     1 ||     2
Evoke: Wand              |    14 |    25 |     3 |    40 |    51 |    11 |    63 |    76 ||   283
       Lightning rod     |       |       |       |     5 |     4 |       |     8 |    16 ||    33
       Box of beasts     |       |       |       |       |       |     2 |     1 |    12 ||    15
       Sack of spiders   |       |       |       |       |       |     1 |       |     3 ||     4
       Phial of floods   |       |       |       |       |       |       |     1 |     1 ||     2
       Horn of Geryon    |       |       |       |       |       |       |       |     3 ||     3
  Use: Scroll            |       |     6 |     4 |     7 |     8 |     9 |     2 |    11 ||    47
       Potion            |       |     1 |     1 |     2 |     1 |     1 |     7 |    22 ||    35
 Stab: Sleeping          |     2 |     6 |    12 |     4 |       |       |       |       ||    24
       Paralysed         |     2 |       |       |    25 |    11 |       |       |    22 ||    60
       Distracted        |       |       |     1 |     3 |     1 |       |     1 |    19 ||    25
       Betrayed ally     |       |       |       |       |       |       |     1 |       ||     1
       Invisible         |       |       |       |       |       |       |       |     6 ||     6
       Held in net/web   |       |       |       |       |       |       |       |     2 ||     2
  Eat: Ration            |       |     4 |       |     8 |     4 |     6 |    10 |    12 ||    44
Armor: Robe              |     7 |    24 |    26 |    26 |    32 |    23 |    34 |       ||   172
       Gold dragon scale |       |       |       |       |       |       |    95 |   781 ||   876
Dodge: Dodged            |    83 |   352 |   460 |   669 |   614 |   342 |  1021 |   774 ||  4315
Block: Buckler           |       |       |       |   277 |   273 |   196 |   562 |   886 ||  2194
       Rpst.: Falchion   |       |       |    44 |   159 |    17 |       |       |       ||   220
       Demon blade       |       |       |       |       |       |       |       |   115 ||   115

Table legend:
 A = Spawn XP
 B = Non-spawn XP
 C = Spawn XP percentage of total XP
 D = Spawn monster count
 E = Non-spawn monster count
 F = Spawn count percentage of total count
 G = Total turns spent on level
                    A         B        C        D         E        F      G
               +---------+---------+-------+---------+---------+-------+---------
         Total |       0 |  965760 |   0.0 |       0 |    1982 |   0.0 | 83515
               +---------+---------+-------+---------+---------+-------+---------
           D:1 |       0 |      27 |   0.0 |       0 |      17 |   0.0 |   948
           D:2 |       0 |     393 |   0.0 |       0 |      24 |   0.0 |   818
           D:3 |       0 |     163 |   0.0 |       0 |      20 |   0.0 |  1128
           D:4 |       0 |     112 |   0.0 |       0 |      19 |   0.0 |  1040
           D:5 |       0 |     765 |   0.0 |       0 |      16 |   0.0 |  1044
           D:6 |       0 |    1968 |   0.0 |       0 |      25 |   0.0 |  1951
           D:7 |       0 |    2022 |   0.0 |       0 |      32 |   0.0 |  2151
           D:8 |       0 |    3578 |   0.0 |       0 |      51 |   0.0 |  1780
           D:9 |       0 |    2253 |   0.0 |       0 |      33 |   0.0 |  1361
          D:10 |       0 |    4527 |   0.0 |       0 |      55 |   0.0 |  1553
          D:11 |       0 |    5406 |   0.0 |       0 |      20 |   0.0 |   857
          D:12 |       0 |    6324 |   0.0 |       0 |      40 |   0.0 |   961
          D:13 |       0 |   11732 |   0.0 |       0 |      31 |   0.0 |  1208
          D:14 |       0 |   17093 |   0.0 |       0 |      38 |   0.0 |   976
          D:15 |       0 |   35691 |   0.0 |       0 |      71 |   0.0 |  2927
        Lair:1 |       0 |    4081 |   0.0 |       0 |      12 |   0.0 |  1233
        Lair:2 |       0 |    5417 |   0.0 |       0 |      20 |   0.0 |  1188
        Lair:3 |       0 |    9017 |   0.0 |       0 |      23 |   0.0 |  1371
        Lair:4 |       0 |   15854 |   0.0 |       0 |      88 |   0.0 |  1896
        Lair:5 |       0 |    7121 |   0.0 |       0 |      25 |   0.0 |  1306
        Lair:6 |       0 |   20960 |   0.0 |       0 |      63 |   0.0 |  1917
       Snake:1 |       0 |     153 |   0.0 |       0 |       1 |   0.0 |    22
       Slime:1 |       0 |   15825 |   0.0 |       0 |      39 |   0.0 |  2002
       Slime:2 |       0 |   23291 |   0.0 |       0 |      19 |   0.0 |   804
       Slime:3 |       0 |   15517 |   0.0 |       0 |      31 |   0.0 |  1883
       Slime:4 |       0 |   21645 |   0.0 |       0 |      34 |   0.0 |  3163
       Slime:5 |       0 |   47375 |   0.0 |       0 |      53 |   0.0 |  2437
         Orc:1 |       0 |    1989 |   0.0 |       0 |      19 |   0.0 |  1179
         Orc:2 |       0 |   19075 |   0.0 |       0 |     115 |   0.0 |  4103
         Elf:1 |       0 |   49874 |   0.0 |       0 |      78 |   0.0 |  2757
         Elf:2 |       0 |   42105 |   0.0 |       0 |      65 |   0.0 |  2713
         Elf:3 |       0 |   52670 |   0.0 |       0 |      58 |   0.0 |  2157
      Depths:1 |       0 |   64824 |   0.0 |       0 |      83 |   0.0 |  4080
      Depths:2 |       0 |   83394 |   0.0 |       0 |      77 |   0.0 |  3014
      Depths:3 |       0 |   98336 |   0.0 |       0 |      97 |   0.0 |  6222
      Depths:4 |       0 |   89181 |   0.0 |       0 |      85 |   0.0 |  4098
      Depths:5 |       0 |   91483 |   0.0 |       0 |     113 |   0.0 |  4359
          Hell |       0 |   17537 |   0.0 |       0 |      46 |   0.0 |  2418
         Dis:1 |       0 |     390 |   0.0 |       0 |       2 |   0.0 |    80
         Dis:2 |       0 |   11158 |   0.0 |       0 |      16 |   0.0 |   494
         Dis:3 |       0 |   11574 |   0.0 |       0 |      24 |   0.0 |   945
         Dis:4 |       0 |    3189 |   0.0 |       0 |       5 |   0.0 |   188
         Dis:5 |       0 |    6136 |   0.0 |       0 |      11 |   0.0 |   234
         Dis:6 |       0 |    2829 |   0.0 |       0 |       6 |   0.0 |   157
         Dis:7 |       0 |   25081 |   0.0 |       0 |      26 |   0.0 |   345
           Lab |       0 |    1747 |   0.0 |       0 |       3 |   0.0 |   208
         Sewer |       0 |     321 |   0.0 |       0 |      53 |   0.0 |  1555
        Bailey |       0 |    3869 |   0.0 |       0 |      40 |   0.0 |   626
         IceCv |       0 |   10688 |   0.0 |       0 |      60 |   0.0 |  1617
               +---------+---------+-------+---------+---------+-------+---------
